 Dungeon Crawl Stone Soup version 0.26-a0-720-g2a1d101370 (webtiles) character file.

Game seed: 14645585919793049812

16774 robertstho the Thaumaturge (level 12, -17/91 HPs)
             Began as a Gnoll Fire Elementalist on Nov 2, 2020.
             Was a Priest of Sif Muna.
             Killed from afar by Jorgrun (33 damage)
             ... with an iron shot
             ... while petrified by Jorgrun
             ... on level 12 of the Dungeon.
             The game lasted 00:39:55 (15899 turns).

robertstho the Thaumaturge (GnFE)                  Turns: 15899, Time: 00:39:56

Health: -17/91     AC:  7    Str: 11    XL:     12   Next: 41%
Magic:  18/24      EV:  2    Int: 23    God:    Sif Muna [***...]
Gold:   39         SH:  0    Dex: 27    Spells: 3/28 levels left

rFire    . . .     SeeInvis .   G - +1 halberd (flame)
rCold    . . .     Faith    .   (shield currently unavailable)
rNeg     + + +     Spirit   .   a - +0 robe
rPois    ∞         Reflect  .   v - +0 helmet
rElec    .         Harm     .   z - +0 cloak
rCorr    .         Rampage  .   c - +0 pair of gloves
MR       .....                  t - +0 pair of boots
Stlth    +++++.....             l - amulet of magic regeneration
HPRegen  0.25/turn              L - +6 ring of dexterity
MPRegen  0.44/turn              M - +6 ring of dexterity

@: petrified
A: distributed training, fangs 1, strong nose
a: Channel Magic, Forget Spell, Renounce Religion


You were on level 12 of the Dungeon.
You worshipped Sif Muna.
Sif Muna was most pleased with you.
You visited 1 branch of the dungeon, and saw 12 of its levels.
You also visited: Sewer.

You collected 686 gold pieces.
You spent 647 gold pieces at shops.

Inventory:

Hand Weapons
 d - a +0 short sword
 e - a +2 dagger of draining
 i - a +0 dagger of venom
 m - a +0 halberd
 A - a +2 hand axe of electrocution
 G - a +1 halberd of flaming (weapon)
Missiles
 b - 388 stones
 E - 12 throwing nets (quivered)
Armour
 a - a +0 robe (worn)
 c - a +0 pair of gloves (worn)
 t - a +0 pair of boots (worn)
 v - a +0 helmet (worn)
 z - a +0 cloak (worn)
Jewellery
 l - an amulet of magic regeneration (around neck)
 L - a +6 ring of dexterity (left hand)
 M - a +6 ring of dexterity (right hand)
Wands
 w - a wand of flame (12)
 F - a wand of polymorph (17)
 I - a wand of iceblast (17)
 P - a wand of acid (13)
Scrolls
 g - 7 scrolls of remove curse
 j - 8 scrolls of teleportation
 k - a scroll of blinking
 n - a scroll of fog
 o - a scroll of magic mapping {unknown}
 r - 2 scrolls of enchant armour {unknown}
 s - 2 scrolls of immolation {unknown}
 y - 3 scrolls of amnesia {unknown}
 B - 4 scrolls of random uselessness {unknown}
 C - 2 scrolls of fear {unknown}
 D - 4 scrolls of enchant weapon {unknown}
 N - a scroll of brand weapon {unknown}
 U - a scroll of summoning
 V - a scroll of noise
Potions
 f - 2 potions of lignification
 h - 5 potions of curing
 p - a potion of berserk rage {unknown}
 q - a potion of stabbing {unknown}
 u - 5 potions of flight
 x - 4 potions of degeneration
 H - a potion of mutation
 J - 2 potions of might
 K - a potion of brilliance
 Q - a potion of ambrosia
 R - a potion of resistance
 S - a potion of magic
 T - 3 potions of heal wounds


   Skills:
 + Level 7.2 Fighting
 + Level 7.2 Short Blades
 + Level 7.2 Long Blades
 + Level 7.2 Axes
 + Level 7.2 Maces & Flails
 + Level 7.2 Polearms
 + Level 7.2 Staves
 + Level 7.2 Slings
 + Level 7.2 Bows
 + Level 7.2 Crossbows
 + Level 7.2 Throwing
 + Level 7.2 Armour
 + Level 8.7 Dodging
 + Level 8.4 Stealth
 + Level 7.2 Shields
 + Level 7.2 Unarmed Combat
 + Level 8.9 Spellcasting
 + Level 6.4 Conjurations
 + Level 6.0 Hexes
 + Level 6.0 Summonings
 + Level 6.0 Necromancy
 + Level 6.0 Translocations
 + Level 6.0 Transmutations
 + Level 8.2 Fire Magic
 + Level 6.0 Ice Magic
 + Level 6.0 Air Magic
 + Level 6.0 Earth Magic
 + Level 6.0 Poison Magic
 + Level 8.0 Invocations
 + Level 7.2 Evocations


You had 3 spell levels left.
You knew the following spells:

 Your Spells              Type           Power        Failure   Level
a - Foxfire               Conj/Fire      ####         1%          1
b - Conjure Flame         Conj/Fire      #####...     1%          3
c - Inner Flame           Hex/Fire       #####...     1%          3
d - Sticky Flame          Conj/Fire      #####...     3%          4
e - Fireball              Conj/Fire      #####.....   9%          5
f - Blink                 Tloc           N/A          1%          2
g - Frozen Ramparts       Ice            #####.       1%          3
h - Summon Ice Beast      Ice/Summ       #####...     5%          4

Your spell library contained the following spells:

 Spells                   Type           Power        Failure   Level
 Freeze                   Ice            ####         1%          1
 Magic Dart               Conj           ####         1%          1
 Sandblast                Erth           #####.       1%          1
 Call Imp                 Summ           #####...     1%          2
 Passwall                 Tmut/Erth      #####...     1%          2
 Poisonous Vapours        Pois/Air       #####.       1%          2
 Slow                     Hex            #####...     1%          2
 Confusing Touch          Hex            #####...     1%          3
 Gell's Gravitas          Tloc           #####.....   1%          3
 Mephitic Cloud           Conj/Pois/Air  #####...     1%          3
 Ozocubu's Armour         Ice            #####...     1%          3
 Stone Arrow              Conj/Erth      #####.       1%          3
 Hailstorm                Conj/Ice       #####...     4%          4
 Petrify                  Tmut/Erth      #####...     5%          4
 Lee's Rapid Deconstruct  Erth           #####.....   14%         5
 Metabolic Englaciation   Hex/Ice        #####.....   14%         5
 Yara's Violent Unravell  Hex/Tmut       #####.....   14%         5
 Freezing Cloud           Conj/Ice/Air   #####.....   58%         6


Dungeon Overview and Level Annotations

Branches:
Dungeon (12/15)            Temple (0/1) D:7            Lair (0/6) D:11
    Orc (0/2) D:11          Sewer (visited)

Altars:
Cheibriados
Elyvilon
Gozag
Makhleb
Nemelex Xobeh
Ru
Sif Muna
Trog
Uskayaw
Vehumet
Xom
The Shining One

Shops:
D:5 *   D:12 !!?

Annotations:
D:8 1 runed translucent door
D:11 3 runed translucent doors, HilariousDeathArtist's ghost, journeyman BaMo
D:12 scroll shop, Jorgrun


Innate Abilities, Weirdness & Mutations

Your experience applies equally to all skills.
You have very sharp teeth.
Your uncanny sense of smell can sniff out nearby items.


Message History

Jorgrun burns!
The wall freezes Jorgrun.
Jorgrun hits you with an uncursed staff of earth!
Jorgrun shatters you!
The frozen ramparts melt away.
The black bear growls angrily.
Jorgrun burns!
Jorgrun hits you with an uncursed staff of earth!
Jorgrun shatters you!!
Jorgrun burns!
Jorgrun hits you with an uncursed staff of earth!
Jorgrun shatters you.
Jorgrun burns!
Jorgrun hits you with an uncursed staff of earth!
* * * LOW HITPOINT WARNING * * *
Jorgrun shatters you!!
* * * LOW HITPOINT WARNING * * *
Jorgrun burns!
Jorgrun points at you and mumbles some strange words.
The iron shot hits you!!!
You die...

<.. ... #...... #### ...
#...... .... .. # #......
..... . ...#######......
..... ..#.#.#....##......
...... ..∩..#....#....##.
......###.###....#....##.
.......'.g........#.†.....
.......#h@...[....#.......
###'### #....##)...#.......
.......##....##..).##......
............)##....##).....
............)..†..)........
..............)............
.......÷÷..................
#####..###...#########+####
#.. #...#


You could see Jorgrun (burning) and a black bear.

Vanquished Creatures
  A hydra (D:12)
  3 two-headed ogres
  An unseen horror (D:11)
  A cyclops (D:12)
  3 centaur zombies
  A gargoyle (D:11)
  2 trolls
  Eustachio (D:5)
  3 wyverns
  3 wraiths
  18 yaks
  A warg (D:11)
  An acid dragon (D:11)
  A water moccasin (D:7)
  4 ice beasts
  6 orc warriors
  5 phantoms
  3 sky beasts
  2 black bears
  10 ogres
  A wolf (D:5)
  3 centaurs
  3 big kobolds
  5 bullfrogs
  3 gnoll sergeants (D:5)
  A wyvern skeleton (D:12)
  6 scorpions
  11 wights
  3 howler monkeys
  13 hounds
  A quasit (D:11)
  3 centaur skeletons
  14 orc priests
  2 gnoll shamans (D:5)
  3 jellies
  4 iguanas
  7 orc wizards
  A merfolk siren (Sewer)
  8 worker ants
  A merfolk avatar (Sewer)
  2 hound skeletons
  Robin (D:3)
  3 howler monkey zombies
  13 adders
  34 gnolls
  2 river rats (Sewer)
  2 shadow imps
  4 white imps
  3 ufetubi
  An adder zombie (D:8)
  An adder skeleton (D:4)
  6 dart slugs
  7 worms
  3 leopard geckos
  31 orcs
  6 ball pythons (Sewer)
  5 giant cockroaches
  13 goblins
  13 hobgoblins
  22 jackals
  24 kobolds
  5 quokkas
  12 bats
  12 frilled lizards
  30 rats
418 creatures vanquished.

Vanquished Creatures (others)
  5 dream sheep (D:8)
  A kobold (D:10)
  998 foxfires
  4 fungi (D:2)
  5 toadstools (D:2)
1013 creatures vanquished.

Grand Total: 1431 creatures vanquished

Notes
Turn   | Place    | Note
-------+----------+-------------------------------------------
     0 | D:1      | robertstho the Gnoll Fire Elementalist began the quest for
                  | the Orb.
     0 | D:1      | Reached XP level 1. HP: 13/13 MP: 6/6
   114 | D:1      | Reached XP level 2. HP: 19/19 MP: 5/7
   340 | D:1      | Reached XP level 3. HP: 25/25 MP: 9/9
   490 | D:1      | Reached skill level 5 in Spellcasting
  1097 | D:2      | Reached skill level 1 in Invocations
  1314 | D:1      | Learned a level 3 spell: Conjure Flame
  1318 | D:1      | Learned a level 3 spell: Inner Flame
  1325 | D:2      | Reached skill level 1 in Fighting
  1325 | D:2      | Reached skill level 1 in Short Blades
  1325 | D:2      | Reached skill level 1 in Long Blades
  1325 | D:2      | Reached skill level 1 in Axes
  1325 | D:2      | Reached skill level 1 in Maces & Flails
  1325 | D:2      | Reached skill level 1 in Polearms
  1325 | D:2      | Reached skill level 1 in Staves
  1325 | D:2      | Reached skill level 1 in Slings
  1325 | D:2      | Reached skill level 1 in Bows
  1325 | D:2      | Reached skill level 1 in Crossbows
  1325 | D:2      | Reached skill level 1 in Throwing
  1325 | D:2      | Reached skill level 1 in Armour
  1325 | D:2      | Reached skill level 1 in Shields
  1325 | D:2      | Reached skill level 1 in Unarmed Combat
  1325 | D:2      | Reached skill level 1 in Evocations
  1334 | D:2      | Reached XP level 4. HP: 29/32 MP: 6/11
  1678 | D:2      | Reached skill level 1 in Hexes
  1678 | D:2      | Reached skill level 1 in Summonings
  1678 | D:2      | Reached skill level 1 in Necromancy
  1678 | D:2      | Reached skill level 1 in Translocations
  1678 | D:2      | Reached skill level 1 in Transmutations
  1678 | D:2      | Reached skill level 1 in Ice Magic
  1678 | D:2      | Reached skill level 1 in Air Magic
  1678 | D:2      | Reached skill level 1 in Earth Magic
  1678 | D:2      | Reached skill level 1 in Poison Magic
  2270 | D:2      | Reached XP level 5. HP: 37/37 MP: 12/12
  2533 | D:3      | Found a glowing drain.
  2547 | Sewer    | Entered a sewer
  3067 | Sewer    | Noticed a malarious merfolk avatar
  3071 | Sewer    | Reached XP level 6. HP: 44/44 MP: 9/13
  3289 | D:3      | Noticed Robin
  3300 | D:3      | Killed Robin
  3307 | D:3      | Reached skill level 5 in Dodging
  3625 | D:4      | Learned a level 4 spell: Sticky Flame
  3789 | D:4      | Reached XP level 7. HP: 45/50 MP: 9/15
  4046 | D:4      | Learned a level 5 spell: Fireball
  4398 | D:4      | Reached skill level 5 in Stealth
  4824 | D:4      | Reached XP level 8. HP: 57/57 MP: 7/16
  5310 | D:5      | Entered Level 5 of the Dungeon
  6197 | D:5      | Found Cunlon's General Store.
  6265 | D:5      | Bought a scroll of identify for 26 gold pieces
  6265 | D:5      | Bought a potion of curing for 39 gold pieces
  6347 | D:5      | Noticed Eustachio
  6371 | D:5      | Killed Eustachio
  6371 | D:5      | Reached XP level 9. HP: 34/65 MP: 4/18
  6738 | D:5      | Noticed a moth of wrath
  6741 | D:5      | Found a bloodstained altar of Trog.
  7471 | D:6      | Noticed a two-headed ogre
  7935 | D:5      | Learned a level 2 spell: Blink
  7939 | D:5      | Learned a level 3 spell: Frozen Ramparts
  8234 | D:6      | Reached skill level 5 in Invocations
  8294 | D:6      | Killed a two-headed ogre
  8294 | D:6      | Reached XP level 10. HP: 5/73 MP: 13/20
  8742 | D:6      | Found a glowing golden altar of the Shining One.
  8742 | D:6      | Found a burning altar of Makhleb.
  8782 | D:6      | Reached skill level 5 in Fighting
  8782 | D:6      | Reached skill level 5 in Short Blades
  8782 | D:6      | Reached skill level 5 in Long Blades
  8782 | D:6      | Reached skill level 5 in Axes
  8782 | D:6      | Reached skill level 5 in Maces & Flails
  8782 | D:6      | Reached skill level 5 in Polearms
  8782 | D:6      | Reached skill level 5 in Staves
  8782 | D:6      | Reached skill level 5 in Slings
  8782 | D:6      | Reached skill level 5 in Bows
  8782 | D:6      | Reached skill level 5 in Crossbows
  8782 | D:6      | Reached skill level 5 in Throwing
  8782 | D:6      | Reached skill level 5 in Armour
  8782 | D:6      | Reached skill level 5 in Shields
  8782 | D:6      | Reached skill level 5 in Unarmed Combat
  8782 | D:6      | Reached skill level 5 in Evocations
  9858 | D:7      | Found a shimmering blue altar of Sif Muna.
  9872 | D:7      | Became a worshipper of Sif Muna the Loreminder
  9915 | D:7      | Reached skill level 5 in Conjurations
 10000 | D:7      | Found a staircase to the Ecumenical Temple.
 10141 | D:7      | Found a sparkling altar of Nemelex Xobeh.
 10224 | D:7      | Found a snail-covered altar of Cheibriados.
 10747 | D:8      | Noticed an angel
 10884 | D:8      | Found a white marble altar of Elyvilon.
 10891 | D:8      | Found a runed translucent door.
 11005 | D:8      | Found a shimmering altar of Xom.
 11299 | D:9      | Found an opulent altar of Gozag.
 11348 | D:9      | Reached * piety under Sif Muna
 12011 | D:9      | Found a radiant altar of Vehumet.
 12011 | D:9      | Found a shimmering blue altar of Sif Muna.
 12011 | D:9      | Found a sacrificial altar of Ru.
 12028 | D:9      | Found a white marble altar of Elyvilon.
 12032 | D:9      | Found a hide-covered altar of Uskayaw.
 12152 | D:10     | Entered Level 10 of the Dungeon
 12253 | D:10     | Reached XP level 11. HP: 31/81 MP: 9/22
 12915 | D:10     | Reached skill level 5 in Hexes
 12915 | D:10     | Reached skill level 5 in Summonings
 12915 | D:10     | Reached skill level 5 in Necromancy
 12915 | D:10     | Reached skill level 5 in Translocations
 12915 | D:10     | Reached skill level 5 in Transmutations
 12915 | D:10     | Reached skill level 5 in Ice Magic
 12915 | D:10     | Reached skill level 5 in Air Magic
 12915 | D:10     | Reached skill level 5 in Earth Magic
 12915 | D:10     | Reached skill level 5 in Poison Magic
 13485 | D:11     | Noticed a two-headed ogre
 13496 | D:11     | Killed a two-headed ogre
 13597 | D:11     | Reached ** piety under Sif Muna
 13987 | D:10     | Learned a level 4 spell: Summon Ice Beast
 13995 | D:11     | Found a runed translucent gate.
 13995 | D:11     | Found a runed translucent gate.
 13995 | D:11     | Found a runed translucent gate.
 13995 | D:11     | Noticed HilariousDeathArtist's ghost (journeyman BaMo)
 14042 | D:11     | Noticed an unseen horror
 14044 | D:11     | Killed an unseen horror
 14109 | D:11     | Found a staircase to the Orcish Mines.
 14475 | D:11     | Found a staircase to the Lair.
 14807 | D:12     | Found Sapnotao's Distillery.
 14839 | D:12     | Found Tuwotun's Magic Scroll Shoppe.
 14847 | D:12     | Bought a potion of resistance for 110 gold pieces
 14847 | D:12     | Bought a potion of degeneration for 11 gold pieces
 14847 | D:12     | Bought a potion of magic for 88 gold pieces
 14847 | D:12     | Bought a potion of heal wounds for 55 gold pieces
 14847 | D:12     | Bought 2 potions of heal wounds for 110 gold pieces
 14847 | D:12     | Bought a potion of curing for 33 gold pieces
 14882 | D:12     | Bought a scroll of summoning for 133 gold pieces
 14882 | D:12     | Bought a scroll of identify for 28 gold pieces
 14882 | D:12     | Bought a scroll of noise for 14 gold pieces
 14890 | D:12     | Noticed a seven-headed hydra
 14904 | D:12     | Killed a seven-headed hydra
 14904 | D:12     | Reached XP level 12. HP: 26/89 MP: 15/24
 15210 | D:12     | Found a white marble altar of Elyvilon.
 15554 | D:12     | Reached *** piety under Sif Muna
 15634 | D:12     | Noticed a two-headed ogre
 15645 | D:12     | Killed a two-headed ogre
 15834 | D:12     | Found Uzxazon's Distillery.
 15883 | D:12     | Noticed Jorgrun
 15899 | D:12     | Killed from afar by Jorgrun

Illustrated notes

Levels and vault maps discovered:
D:1:      psy_arrival_statuary, layout_basic, nrook_loot_triangle
D:2:      layout_basic, minmay_gold_behind_fungi, minmay_misc_feat_rows,
          minivault_26
D:3:      layout_rooms, cheibrodos_sewer_entry_sluice, uniq_robin
D:4:      layout_layer_cave, minmay_misc_feat_cross, palyth_stone_intersect
D:5:      layout_cave_pools, tgw_trog, serial_gnoll_camp, gnoll_camp_mini_house,
          gnoll_camp_mini_house, gnoll_camp_mini_doghouse,
          gnoll_camp_mini_loothouse, gnoll_camp_huts_moat, serial_shops, shop,
          uniq_eustachio
D:6:      layout_cave_pools, chequers_temple_overflow_statue_of_worship,
          kennysheep_generic_room_15
D:7:      layout_loops_corners, kennysheep_mini, overflow_temple_1_default,
          minmay_temple_entry_butterflies, basic_altar
D:8:      layout_cave_pools, kb_xom_exploding_sheep, lemuel_angel_altar
D:9:      layout_cave_pools, lemuel_coloured_pillars_altar,
          minmay_overflow_temple_star_hex, minmay_misc_feat_pillars
D:10:     layout_roguey
D:11:     layout_rooms, lair_entry_dummy, david_orc_3,
          ebering_ghost_rock_garden, chequers_decorated_corner,
          kennysheep_potato
D:12:     layout_gridville, serial_shops, shop, nicolae_shop_crystal, shop,
          nicolae_shop_trees, shop, minmay_crystal_room, minmay_misc_feat_tower,
          elyvilon_altar_1, uniq_jorgrun

Skill      XL: |  1  2  3  4  5  6  7  8  9 10 11 12 |
---------------+-------------------------------------+-----
Conjurations   | 2 3 4 5 6 |  6.4
Spellcasting   | 5 6 7 8 |  8.9
Invocations    | 1 2 3 4 5 6 7 8 |  8.0
Fighting       | 1 2 3 4 5 6 7 |  7.2
Short Blades   | 1 2 3 4 5 6 7 |  7.2
Long Blades    | 1 2 3 4 5 6 7 |  7.2
Axes           | 1 2 3 4 5 6 7 |  7.2
Maces & Flails | 1 2 3 4 5 6 7 |  7.2
Polearms       | 1 2 3 4 5 6 7 |  7.2
Staves         | 1 2 3 4 5 6 7 |  7.2
Slings         | 1 2 3 4 5 6 7 |  7.2
Bows           | 1 2 3 4 5 6 7 |  7.2
Crossbows      | 1 2 3 4 5 6 7 |  7.2
Throwing       | 1 2 3 4 5 6 7 |  7.2
Armour         | 1 2 3 4 5 6 7 |  7.2
Shields        | 1 2 3 4 5 6 7 |  7.2
Unarmed Combat | 1 2 3 4 5 6 7 |  7.2
Evocations     | 1 2 3 4 5 6 7 |  7.2
Hexes          | 1 2 3 4 5 6 |  6.0
Summonings     | 1 2 3 4 5 6 |  6.0
Necromancy     | 1 2 3 4 5 6 |  6.0
Translocations | 1 2 3 4 5 6 |  6.0
Transmutations | 1 2 3 4 5 6 |  6.0
Ice Magic      | 1 2 3 4 5 6 |  6.0
Air Magic      | 1 2 3 4 5 6 |  6.0
Earth Magic    | 1 2 3 4 5 6 |  6.0
Poison Magic   | 1 2 3 4 5 6 |  6.0
Dodging        | 5 6 7 8 |  8.7
Stealth        | 5 6 7 8 |  8.4
Fire Magic     | 6 7 8 |  8.2

Action                   |  1- 3 |  4- 6 |  7- 9 | 10-12 || total
-------------------------+-------+-------+-------+-------++-------
Melee: Dagger            |    38 |   250 |     6 |       ||   294
       Bite              |     1 |    24 |     1 |    24 ||    50
       Punch             |       |     2 |       |       ||     2
       Hand axe          |       |       |    11 |       ||    11
       Halberd           |       |       |    14 |   182 ||   196
Throw: Stone             |     1 |       |       |       ||     1
       Throwing net      |     1 |       |       |       ||     1
 Cast: Foxfire           |    22 |    35 |   348 |   174 ||   579
       Sticky Flame      |       |       |    13 |    57 ||    70
       Conjure Flame     |       |       |     1 |     1 ||     2
       Frozen Ramparts   |       |       |     1 |    43 ||    44
       Fireball          |       |       |       |    33 ||    33
       Summon Ice Beast  |       |       |       |     2 ||     2
Invok: Channel Magic     |       |       |       |     1 ||     1
  Use: Scroll            |       |       |     7 |     9 ||    16
       Potion            |       |       |       |     2 ||     2
 Stab: Sleeping          |    12 |    10 |       |     9 ||    31
Armor: Robe              |     7 |    43 |     9 |    54 ||   113
Dodge: Dodged            |    25 |   187 |   110 |   295 ||   617

Table legend: (Time is in decaauts)
 A = Elapsed time spent in this place.
 B = Non-inter-level travel time spent in this place.
 C = Inter-level travel time spent in this place.
 D = Time resting spent in this place.
 E = Time spent auto-exploring this place.
 F = Levels seen in this place.
 G = Mean time per level.
                   A        B        C        D        E       F      G
               +--------+--------+--------+--------+--------+-----+--------+
         Total |  16003 |  15692 |    311 |   2479 |  10115 |  13 | 1231.0 |
       Dungeon |  15220 |  14909 |    311 |   2441 |   9671 |  12 | 1268.3 |
         Sewer |    782 |    782 |      0 |     38 |    444 |   1 |  782.0 |
               +--------+--------+--------+--------+--------+-----+--------+

Top non-repeatable levels by time:
     D:5: 2902 daAuts
     D:4: 1704 daAuts
     D:7: 1453 daAuts
    D:10: 1360 daAuts
    D:11: 1311 daAuts
     D:2: 1232 daAuts
    D:12: 1122 daAuts
     D:1: 1046 daAuts
     D:9: 1022 daAuts
     D:6: 870 daAuts
   Sewer: 782 daAuts
     D:8: 612 daAuts
     D:3: 581 daAuts
